 Dungeon Crawl Stone Soup version 0.27.1-33-g824d729ab1 (webtiles) character file.

Game seed: 6182167422235007730

109 zeram the Poker (level 4, -3/35 HPs)
             Began as a Merfolk Fighter on Dec 23, 2021.
             Slain by a gnoll (8 damage)
             ... on level 3 of the Dungeon.
             The game lasted 00:03:55 (2279 turns).

zeram the Poker (Merfolk Fighter)                   Turns: 2279, Time: 00:03:57

Health: -3/35      AC:  6    Str: 16    XL:     4   Next: 90%
Magic:  4/4        EV:  7    Int:  8    God:
Gold:   60         SH:  9    Dex: 13    Spells: 3/3 levels left

rFire    . . .     SeeInvis .   a - +1 trident
rCold    . . .     Faith    .   c - +0 kite shield
rNeg     . . .     Spirit   .   b - +0 scale mail
rPois    .         Reflect  .   (no helmet)
rElec    .         Harm     .   (no cloak)
rCorr    .         Rampage  .   (no gloves)
Will     .....                  (no boots)
Stlth    ..........             (no amulet)
HPRegen  0.11/turn              (no ring)
MPRegen  0.09/turn              (no ring)

@: mighty
A: (nimble swimmer 2), mertail
a: no special abilities


You were on level 3 of the Dungeon.
You visited 1 branch of the dungeon, and saw 3 of its levels.

You collected 60 gold pieces.

Inventory:

Hand Weapons
 a - a +1 trident (weapon)
Armour
 b - a +0 scale mail (worn)
 c - a +0 kite shield (worn)
Jewellery
 g - a ring of protection from cold
Potions
 e - a potion of degeneration
 h - a potion of lignification {unknown}
 i - a potion of resistance {unknown}
 j - a potion of haste {unknown}
 k - a potion of flight {unknown}


   Skills:
 - Level 3.2 Fighting
 + Level 4.8 Polearms
 + Level 2.9 Armour
 + Level 1.4 Dodging
 + Level 3.6 Shields


You had 3 spell levels left.
You didn't know any spells.
Your spell library contained the following spells:

 Spells                   Type           Power      Damage    Failure   Level
 Animate Armour           Summ/Erth      0%         N/A       100%        4
 Blade Hands              Tmut           0%         N/A       100%        5
 Iron Shot                Conj/Erth      0%         9d1       100%        6


Dungeon Overview and Level Annotations

Branches:
Dungeon (3/15)

Altars:

Shops:
D:2 :

Annotations:
D:3 2 transporters, Ceno's ghost, amateur FoAK


Innate Abilities, Weirdness & Mutations

((You are quick and stealthy near water. (Stealth+, EV+, Speed+++)))
Your lower body shifts to a powerful aquatic tail in water.


Message History

Press: ? - help, Dir - move target, f - gnoll
Aim: a gnoll, wielding a +0 spear (about 36% to evade your +1 trident)
You reach to attack!
You puncture the gnoll!
The gnoll is almost dead.
You block the gnoll's attack.
The gnoll hits you from afar with a +0 spear.
* * * LOW HITPOINT WARNING * * *
Reach: a) +1 trident
Press: ? - help, Dir - move target, f/p - gnoll
Aim: a gnoll, wielding a +0 spear (severely wounded, about 36% to evade your +1 trident)
You reach to attack!
You barely miss the gnoll.
The gnoll is severely wounded.
You block the gnoll's attack.
Reach: a) +1 trident
Press: ? - help, Dir - move target, f/p - gnoll
Aim: a gnoll, wielding a +0 spear (severely wounded, about 37% to evade your +1 trident)
You reach to attack!
You puncture the gnoll!
You kill the gnoll!
Unknown command.
You are too injured to fight recklessly!
Reach: a) +1 trident
Press: ? - help, Dir - move target, f - rat
Aim: a rat (about 40% to evade your +1 trident)
You reach to attack!
You hit the rat.
You kill the rat!
Reach: a) +1 trident
Press: ? - help, Dir - move target, f - goblin
Aim: a goblin, wielding a +0 dagger (about 49% to evade your +1 trident)
You impale the goblin!!
You kill the goblin!
Reach: a) +1 trident
Press: ? - help, Dir - move target, f - hobgoblin
Aim: a hobgoblin (about 40% to evade your +1 trident)
You reach to attack!
You closely miss the hobgoblin. You puncture the hobgoblin!
You kill the hobgoblin!
You puncture the gnoll!
You kill the gnoll!
The gnoll hits you from afar with a +0 spear!
You die...

### ### #.# # .... #.# #
.....##.####################
.........g)@................
.....##.####################
###+###.####### #
#.............# ########
###.###g#####.# ........ #.#
#g# ######## #.# #g# #.# #)#
## #)###.###.#©.


You could see a gnoll.

Vanquished Creatures
  3 gnolls (D:3)
  3 adders
  A worm (D:2)
  An orc (D:3)
  7 endoplasms
  4 giant cockroaches
  6 hobgoblins
  2 quokkas
  9 ball pythons
  4 bats
  3 frilled lizards
  6 goblins
  3 kobolds
  5 rats
57 creatures vanquished.

Notes
Turn   | Place    | Note
-------+----------+-------------------------------------------
     0 | D:1      | zeram the Merfolk Fighter began the quest for the Orb.
     0 | D:1      | Reached XP level 1. HP: 18/18 MP: 1/1
   341 | D:1      | Reached XP level 2. HP: 22/24 MP: 2/2
   985 | D:1      | Found a faded altar of an unknown god.
  1113 | D:1      | Reached XP level 3. HP: 28/29 MP: 3/3
  1419 | D:2      | Reached skill level 1 in Dodging
  1686 | D:2      | Reached skill level 4 in Polearms
  1686 | D:2      | Reached XP level 4. HP: 35/35 MP: 4/4
  1820 | D:2      | Found Jeviraju's Book Shoppe.
  2227 | D:3      | Found a transporter.
  2229 | D:3      | Found a transporter.
  2229 | D:3      | Noticed Ceno's ghost (amateur FoAK)
  2279 | D:3      | Slain by a gnoll

Illustrated notes

Levels and vault maps discovered:
D:1:      scummos_arrival_hexagon, layout_basic,
          hellmonk_ecumenical_altar_run_dry
D:2:      layout_basic, serial_shops, shop_statue
D:3:      layout_basic, gammafunk_ghost_smash

Skill      XL: |  1  2  3 |
---------------+----------+-----
Dodging        | 1 |  1.4
Polearms       | 4 |  4.8
Fighting       | |  3.2
Armour         | |  2.9
Shields        | |  3.6

Action                   |  1- 3 |  4- 6 || total
-------------------------+-------+-------++-------
Melee: Trident           |   109 |    51 ||   160
  Use: Scroll            |     3 |     1 ||     4
       Potion            |       |     3 ||     3
Armor: Scale mail        |    35 |     7 ||    42
Dodge: Dodged            |    24 |     9 ||    33
Block: Kite shield       |    52 |    28 ||    80
